 Dungeon Crawl Stone Soup version 0.13.0-29-gdb529de (webtiles) character file.

954 MrBenn the Basher (level 7, -8/42 HPs)
             Began as a Gargoyle Fighter on Nov 11, 2013.
             Was a Follower of Okawaru.
             Killed by divine providence
             ... invoked by an orc priest
              (14 damage)
             ... on Level 6 of the Dungeon.
             The game lasted 00:10:34 (4048 turns).

MrBenn the Basher (Gargoyle Fighter)                Turns: 4048, Time: 00:10:34

HP  -8/42        AC 13     Str 21      XL: 7   Next: 82%
MP   5/6         EV  9     Int  8      God: Okawaru [*.....]
Gold 185         SH  0     Dex 10      Spells:  0 memorised,  6 levels left

Res.Fire  : . . .   See Invis. : .   s - +0 flail
Res.Cold  : . . .   Warding    : .   b - +0 scale mail
Life Prot.: + . .   Conserve   : .   (no shield)
Res.Poison: +       Res.Corr.  : .   (no helmet)
Res.Elec. : +       Clarity    : .   (no cloak)
Sust.Abil.: . .     Spirit.Shd : .   (no gloves)
Res.Mut.  : .       Stasis     : .   (no boots)
Res.Rott. : +       Flight     : +   (no amulet)
Saprovore : . . .                    (no ring)
                                     (no ring)

@: flying, heroism, slightly resistant to hostile enchantments, unstealthy
A: fangs 1, talons 2, life protection 1, electricity resistance, slow metabolism
1, unbreathing, petrification resistance, AC +4
a: Heroism, Renounce Religion


You were on level 6 of the Dungeon.
You worshipped Okawaru.
Okawaru was aware of your devotion.
You were not hungry.

You visited 2 branches of the dungeon, and saw 7 of its levels.

You collected 165 gold pieces.

Inventory:

Hand weapons
 a - a +0,+0 mace
 g - a +0,+0 great mace
 j - a -3,-1 sling
 s - a +0,+0 flail (weapon)
 u - a +0 blowgun
Missiles
 h - 20 poisoned needles
 k - 11 stones (quivered)
 t - 2 darts of frost
 v - 20 sling bullets
Armour
 b - a +0 scale mail (worn)
 c - a +0 shield
Comestibles
 d - 4 bread rations
 l - a chunk of orc flesh
 w - a meat ration
Scrolls
 e - 2 scrolls of remove curse
 m - a scroll of enchant armour
 n - a scroll of random uselessness
 p - a scroll of curse weapon
Jewellery
 y - the ring of Udunkur {+/*Tele rN+}
   (You found it on level 4 of the Dungeon)

   [ring of teleportation]

   It protects you from negative energy.
Potions
 i - a potion of paralysis
 o - a potion of confusion
 A - a potion of blood {unknown}


   Skills:
 - Level 3.2(8.2) Fighting
 + Level 9.4(14.4) Maces & Flails
 - Level 3.3(8.3) Armour
   Level 3.2(8.2) Shields


You had 6 spell levels left.
You didn't know any spells.

Dungeon Overview and Level Annotations

Branches:
Dungeon (6/27)             Temple (1/1) D:4
    Orc: D:6-11

Altars:
Ashenzari
Elyvilon
Fedhas
Kikubaaqudgha
Makhleb
Okawaru
Sif Muna
Zin
the Shining One
Lugonu

Annotations:
D:4 slix's ghost, average DDEE


Innate Abilities, Weirdness & Mutations

You are resistant to torment.
You are immune to poison.
Your stone body is very resilient (AC +4).
You have very sharp teeth.
You have razor-sharp toenails.
You resist negative energy.
You are resistant to electric shocks.
You have a slow metabolism.
You can survive without breathing.
You are immune to petrification.


Message History

Unknown command.
Read which item? (? for menu, Esc to quit)
Okay, then.
Unknown command.
Unknown command.
Read which item? (? for menu, Esc to quit)
As you read the scroll labeled JITEAN PON, it crumbles to dust.
You smell coffee.
It was a scroll of random uselessness.
The orc priest closely misses you.
The orc warrior hits you but does no damage.
Unknown command.
Unknown command.
Read which item? (? for menu, Esc to quit)
As you read the scroll labeled QOSUCI GYTAI, it crumbles to dust.
You hear a loud clanging noise!
It was a scroll of noise.
The orc priest hits you but does no damage.
The orc priest mumbles some strange prayers to Beogh against you.
Something smites you!
You die...

##......########.
#..(.............
#................
#.....##....<.##
#.....##......#
##.#..##......#
#.#..#####.###
#.#..# .# #@#..#
.# #o#..# #.#..#


ooz... ##o... #.... #..... #[..... ##.... You could see an orc warrior, an orc
priest, 2 orcs and a gnoll skeleton.

Vanquished Creatures
  A sky beast (D:5)
  An ogre (D:5)
  A centaur (D:5)
  3 crimson imps (D:5)
  2 orc wizards (D:3)
  3 orc priests
  2 worker ants
  Terence (D:2)
  A gnoll (D:1)
  An inept item mimic (D:3)
  10 adders
  A giant mite (D:5)
  A worm (D:5)
  6 giant geckos
  10 orcs
  A ball python (D:4)
  12 bats
  A bat zombie (D:3)
  9 goblins
  7 hobgoblins
  5 jackals
  14 kobolds
  2 quokkas (D:3)
  8 giant cockroaches
  2 giant newts
  A hobgoblin skeleton (D:5)
  A hobgoblin zombie (D:5)
  A kobold skeleton (D:4)
  12 rats
  A rat skeleton (D:5)
  4 rat zombies (D:3)
125 creatures vanquished.

Notes
Turn   | Place    | Note
--------------------------------------------------------------
     0 | D:1      | MrBenn, the Gargoyle Fighter, began the quest for the Orb.
     0 | D:1      | Reached XP level 1. HP: 14/14 MP: 0/0
   456 | D:1      | Reached XP level 2. HP: 19/19 MP: 1/1
   803 | D:1      | Reached XP level 3. HP: 21/24 MP: 2/2
   836 | D:1      | Reached skill level 4 in Maces & Flails
  1376 | D:2      | Found a glowing silver altar of Zin.
  1412 | D:2      | Noticed Terence
  1414 | D:2      | Reached XP level 4. HP: 28/28 MP: 3/3
  1427 | D:2      | Killed Terence
  1738 | D:3      | Reached skill level 5 in Maces & Flails
  1880 | D:3      | Found an ancient bone altar of Kikubaaqudgha.
  2083 | D:3      | Reached XP level 5. HP: 33/33 MP: 4/4
  2144 | D:3      | Reached skill level 6 in Maces & Flails
  2256 | D:3      | Reached XP level 6. HP: 31/38 MP: 5/5
  2301 | D:3      | Found a white marble altar of Elyvilon.
  2484 | D:3      | Reached skill level 7 in Maces & Flails
  2802 | D:4      | Found a staircase to the Ecumenical Temple.
  2859 | Temple   | Entered the Ecumenical Temple
  2900 | Temple   | Became a worshipper of Warmaster Okawaru
  3197 | D:4      | Got a steaming granite ring
  3199 | D:4      | Identified the ring of Udunkur {+/*Tele rN+} (You found it on level 4 of the Dungeon)
  3222 | D:4      | Noticed slix's ghost (average DDEE)
  3468 | D:5      | Entered Level 5 of the Dungeon
  3685 | D:5      | Found a staircase to the Ecumenical Temple.
  3719 | D:5      | Reached XP level 7. HP: 40/42 MP: 6/6
  3725 | D:5      | Reached skill level 8 in Maces & Flails
  3764 | D:5      | Acquired Okawaru's first power
  3764 | D:5      | Reached skill level 9 in Maces & Flails
  4041 | D:6      | HP: 2/42 [orc priest/divine providence (12)]
  4048 | D:6      | Killed from afar by an orc priest

Action                   |  1- 3 |  4- 6 |  7- 9 || total
-------------------------+-------+-------+-------++-------
Melee: Mace              |    93 |     9 |       ||   102
       Flail             |       |   202 |    46 ||   248
 Fire: Sling             |       |       |     2 ||     2
Throw: Throwing net      |       |     5 |     1 ||     6
Invok: Heroism           |       |       |     2 ||     2
  Use: Scroll            |     3 |     4 |     4 ||    11
       Potion            |       |     2 |     4 ||     6
 Stab: Held in net/web   |       |     4 |       ||     4
